 Dungeon Crawl Stone Soup version 0.19-a0-1260-gc94d3f7 (webtiles) character file.

43 epen the Poker (level 3, -2/23 HPs)
             Began as a Tengu Monk on Aug 28, 2016.
             Slain by a goblin
             ... wielding a +0 club
             ... led by Robin
              (4 damage)
             ... on level 2 of the Dungeon.
             The game lasted 00:01:21 (1245 turns).

epen the Poker (Tengu Monk)                         Turns: 1245, Time: 00:01:22

Health: -2/23      AC:  2    Str: 12    XL:     3   Next: 58%
Magic:  4/4        EV: 15    Int: 15    God:
Gold:   120        SH:  0    Dex: 16    Spells: 0 memorised, 2 levels left

rFire  . . .     SeeInvis .     a - +0 spear
rCold  . . .     Gourm    .     b - +0 robe
rNeg   . . .     Faith    .     (no shield)
rPois  .         Spirit   .     (helmet restricted)
rElec  .         Dismiss  .     (no cloak)
rCorr  .         Reflect  .     (no gloves)
MR     .....     Harm     .     (boots unavailable)
Stlth  ++........               (no amulet)
                                (no ring)
                                g - +1 ring of evasion

@: brilliant
A: beak, talons 3
a: no special abilities


You were on level 2 of the Dungeon.
You were not hungry.

You visited 1 branch of the dungeon, and saw 2 of its levels.

You collected 120 gold pieces.

Inventory:

Hand Weapons
 a - a +0 spear (weapon)
Armour
 b - a +0 robe (worn)
Jewellery
 g - a +1 ring of evasion (left hand)
 l - an uncursed ring of magical power {unknown}
Scrolls
 i - a scroll of amnesia {unknown}
 k - a scroll of teleportation {unknown}
 m - 3 scrolls of remove curse {unknown}
 n - a scroll of identify {unknown}
Comestibles
 c - 2 bread rations
 d - a beef jerky
 h - 3 chunks of flesh
 j - 3 fruits


   Skills:
 + Level 3.2 Fighting
 * Level 3.8 Polearms
 * Level 1.9 Armour
 + Level 3.5 Dodging
 - Level 2.0 Stealth


You had 2 spell levels left.
You didn't know any spells.

Dungeon Overview and Level Annotations

Branches:
Dungeon (2/15)

Altars:

Annotations:
D:2 Robin


Innate Abilities, Weirdness & Mutations

You have a beak for a mouth.
You have claws for feet.


Message History

Unknown command.
You hit the goblin. Your kick misses the goblin. Your peck misses the goblin.
The goblin is almost dead.
The goblin hits you.
* * * LOW HITPOINT WARNING * * *
The goblin hits you with a dagger.
* * * LOW HITPOINT WARNING * * *
Robin barely misses you. The goblin closely misses you.
The goblin barely misses you.
You closely miss the goblin. Your peck misses the goblin.
The goblin is almost dead.
The goblin misses you. The goblin completely misses you.
Robin barely misses you.
You hit the goblin.
You kill the goblin!
The goblin hits you but does no damage. The goblin barely misses you. x2
You hit the hobgoblin. You claw the hobgoblin.
You kill the hobgoblin!
Robin throws the goblin at you! The goblin hits you with a club.
You die...

...#.........#
.#.#.#.#.#.#.# ...
.##.............##....
........#.#.#.#......
....###...g.....##.#+#
......#.#.#.#.......
#......†..g........
#.gg##g##)##....... .
+..g@g.##ggg.......
#.......#..g########g.g....
#.......#...# .......
#.......#...#### .......
#..............# .......
#..............# .!.....
#..............# .......
#####..............#
######.
...................#


You could see Robin and 5 goblins.

Vanquished Creatures
  An adder (D:2)
  A giant gecko (D:1)
  2 bats (D:1)
  8 goblins
  4 hobgoblins
  3 jackals (D:1)
  A giant newt (D:1)
  A kobold (D:2)
  11 rats
32 creatures vanquished.

Notes
Turn   | Place    | Note
-------+----------+-------------------------------------------
     0 | D:1      | epen the Tengu Monk began the quest for the Orb.
     0 | D:1      | Reached XP level 1. HP: 14/14 MP: 2/2
    75 | D:1      | Reached skill level 1 in Armour
   139 | D:1      | Reached XP level 2. HP: 19/19 MP: 3/3
   914 | D:1      | Reached XP level 3. HP: 19/23 MP: 4/4
  1214 | D:2      | Noticed Robin
  1223 | D:2      | HP: 1/23 [goblin/club[Robin] (2)]
  1245 | D:2      | Slain by a goblin

Vault maps used:
D:1:      dpeg_arrival_ratfight, st_stairs_12
D:2:      serial_glass, glass_columns_a, glass_columns_a, glass_columns_c,
          glass_columns_a, glass_columns_c, glass_columns_b, glass_columns_a,
          glass_columns_a, glass_columns_a, glass_columns_a, uniq_robin

Skill      XL: |  1 |
---------------+----+-----
Armour         | 1 |  1.9
Fighting       | |  3.2
Polearms       | |  3.8
Dodging        | |  3.5
Stealth        | |  2.0

Action                   || total
-------------------------++-------
Melee: Spear             ||   108
       Kick              ||    26
       Peck              ||    16
  Use: Potion            ||     3
 Stab: Sleeping          ||     5
  Eat: Chunk             ||     1
Armor: Robe              ||    17
Dodge: Dodged            ||    83
